Map: Templo óseo EE

Players

MrFercho - Winner!

  • Race: Zerg Zerg
  • League: Silver
  • Spawn Location: 12:00

TATORREA - Winner!

  • Race: Protoss Protoss
  • League: Silver
  • Spawn Location: 3:00

tigro - Winner!

  • Race: Terran Terran
  • League: Bronze
  • Spawn Location: 1:00

plecojoe

  • Race: Terran Terran
  • Spawn Location: 7:00

laserbutt

  • Race: Terran Terran
  • League: Silver
  • Spawn Location: 6:00

MrFister

  • Race: Terran Terran
  • Spawn Location: 7:00

VOD

Have the link to the VOD?

Description

Time

  • Played on: May 25, 2020, 10:49 p.m.
  • Length: 17:56
Show
View Real Time Build Order
Export as new Build Order

MrFercho Zerg - Winner!

Build Orders: Pool First 

Get SALT Encoding   

  12  0:02  Drone  
  13  0:14  Overlord  
  13  0:18  Drone  
  14  0:25  Extractor  
  14  0:27  Drone  
  14  0:29  Extractor  
  14  0:31  Drone  
  14  0:40  Drone  
  15  0:59  Drone x2  
  17  1:08  Spawning Pool  
  16  1:14  Drone  
  17  1:19  Drone  
  18  1:29  Overlord  
  18  1:46  Overlord  
  18  1:50  Hatchery  
  17  1:59  Queen  
  19  2:03  Drone  
  20  2:15  Drone x2  
  22  2:37  Drone x2  
  22  2:40  Lair  
  24  2:46  Baneling Nest  
  24  2:48  Metabolic Boost  
  23  2:54  Evolution Chamber  
  22  2:59  Drone x2  
  24  3:16  Zergling x2  
  24  3:17  Zergling x8  
  29  3:29  Drone x3  
  32  3:40  Drone  
  33  3:53  Drone  
  33  3:55  Extractor  
  33  3:59  Extractor  
  32  4:05  Zergling x2  
  32  4:06  Zergling x8  
  37  4:12  Centrifical Hooks  
  37  4:16  Zerg Melee Weapons Level 1  
  37  4:20  Drone x2  
  39  4:25  Overlord  
  39  4:33  Baneling  
  39  4:34  Baneling x4  
  39  4:35  Baneling  
  39  4:58  Drone x3  
  39  4:59  Queen  
  44  5:11  Drone  
  44  5:12  Drone x3  
  48  5:17  Baneling x9  
  48  5:18  Baneling  
  48  5:42  Baneling x4  
  48  5:55  Zergling x2  
  48  5:56  Zergling x6  
  52  6:00  Overlord  
  52  6:01  Overlord  
  52  6:19  Zergling x2  
  52  6:20  Zergling x12  
  59  6:38  Zergling x2  
  59  6:39  Zergling x6  
  44  7:14  Hydralisk Den  
  44  7:15  Zerg Ground Armor Level 1  
  41  7:23  Queen  
  41  7:25  Drone x3  
  42  7:44  Drone x4  
  42  7:46  Grooved Spines  
  46  8:01  Evolution Chamber  
  45  8:10  Infestation Pit  
  44  8:25  Hatchery  
  43  8:32  Hatchery, Hydralisk x6  
  54  8:43  Zerg Missile Weapons Level 1  
  54  8:47  Hive  
  54  8:58  Muscular Augments  
  54  9:07  Hydralisk x7  
  68  9:12  Overlord  
  68  9:13  Overlord x3  
  68  9:45  Queen  
  70  9:47  Hydralisk x2  
  70  9:48  Hydralisk x9  
  92  9:57  Zerg Ground Armor Level 2  
  92  10:05  Drone x3  
  95  10:18  Overseer  
  95  10:24  Overseer  
  95  10:43  Drone x5  
  95  10:46  Hatchery  
  99  10:52  Hydralisk  
  99  10:53  Hydralisk x5  
  111  11:00  Overlord  
  111  11:01  Overlord x6  
  111  11:09  Pneumatized Carapace  
  111  11:13  Burrow  
  111  11:24  Hydralisk x7  
  125  11:31  Zerg Missile Weapons Level 2  
  79  12:33  Hydralisk x11  
  79  12:34  Hydralisk  
  89  12:53  Zerg Ground Armor Level 3  
  89  13:10  Drone x2  
  89  13:11  Drone  
  92  13:17  Hydralisk x4  
  92  13:18  Hydralisk x5  
  110  13:45  Drone x2  
  112  13:49  Drone x3  
  112  13:53  Extractor  
  114  13:58  Hydralisk x4  
  114  13:59  Hydralisk x5, Extractor  
  131  14:20  Drone x2  
  133  14:52  Hydralisk  
  133  14:53  Hydralisk x15  
  117  15:38  Hydralisk  
  117  15:39  Hydralisk x11  
  131  16:25  Hydralisk  
  131  16:26  Hydralisk x11  
Show
View Real Time Build Order
Export as new Build Order

TATORREA Protoss - Winner!

Build Orders:  

Get SALT Encoding   

  12  0:02  Probe  
  13  0:14  Probe  
  14  0:23  Pylon  
  14  0:28  Probe  
  15  0:41  Probe  
  16  0:46  Gateway  
  16  0:48  Assimilator  
  16  0:53  Probe  
  17  1:05  Probe  
  17  1:09  Forge  
  18  1:17  Probe, Pylon  
  19  1:38  Cybernetics Core  
  19  1:41  Gateway  
  19  1:43  Probe  
  20  1:47  Zealot  
  22  2:00  Assimilator  
  22  2:01  Probe  
  23  2:09  Protoss Ground Weapons Level 1  
  23  2:14  Probe, Zealot  
  26  2:26  Warp Gate (Chrono Boost)  
  26  2:27  Zealot  
  26  2:32  Zealot  
  30  2:47  Twilight Council  
  30  2:52  Gateway  
  30  3:19  Pylon  
  30  3:22  Pylon  
  30  3:30  Charge (Chrono Boost)  
  30  4:14  Zealot x3  
  30  4:16  Nexus  
  36  4:20  Probe  
  37  4:24  Protoss Ground Weapons Level 2 (Chrono Boost)  
  37  4:32  Probe  
  38  4:44  Probe  
  38  4:45  Stalker  
  41  4:47  Stalker  
  43  4:53  Stalker  
  43  4:56  Probe  
  46  5:08  Probe  
  47  5:27  Probe  
  48  5:33  Pylon  
  48  5:37  Pylon  
  48  5:39  Probe  
  48  5:40  Pylon  
  49  5:43  Pylon  
  49  5:51  Probe  
  50  6:03  Probe  
  49  6:51  Protoss Ground Armor Level 1  
  31  7:05  Stalker x2  
  31  7:06  Stalker  
  31  7:07  Probe  
  31  7:08  Probe  
  39  7:16  Assimilator  
  39  7:19  Probe  
  39  7:20  Probe, Assimilator  
  41  7:31  Probe  
  41  7:32  Probe  
  43  7:37  Stargate  
  43  7:39  Stargate  
  43  7:40  Robotics Facility  
  43  7:43  Robotics Facility  
  43  7:44  Probe x2, Nexus  
  45  7:56  Probe x2  
  47  8:04  Zealot x3  
  53  8:08  Probe x2  
  55  8:24  Protoss Air Weapons Level 1 (Chrono Boost)  
  55  8:30  Pylon x2  
  55  8:31  Pylon  
  55  8:36  Pylon  
  55  8:37  Pylon  
  55  8:39  Pylon  
  55  8:41  Probe x2, Pylon  
  56  8:44  Pylon  
  56  8:45  Pylon  
  57  8:53  Probe x2  
  59  8:57  Fleet Beacon  
  59  9:03  Robotics Bay  
  59  9:05  Probe x2  
  61  9:17  Probe x2  
  61  9:18  Stalker x3  
  69  9:27  Immortal  
  69  9:29  Probe  
  69  9:30  Probe  
  75  9:33  Immortal  
  79  9:40  Extended Thermal Lance  
  79  9:42  Assimilator  
  79  9:43  Phoenix  
  79  9:44  Phoenix  
  83  9:46  Assimilator  
  83  9:50  Anion Pulse-Crystals (Chrono Boost)  
  83  9:57  Protoss Ground Weapons Level 3 (Chrono Boost)  
  83  10:05  Blink  
  83  10:18  Phoenix x2  
  87  10:27  Protoss Air Weapons Level 2  
  87  10:38  Probe  
  88  10:43  Zealot x2  
  88  10:44  Zealot  
  88  10:47  Flux Vanes, Colossus  
  100  10:50  Probe  
  100  10:51  Phoenix x2  
  105  11:06  Colossus  
  111  11:16  Phoenix  
  111  11:17  Phoenix  
  115  11:27  Zealot x3  
  121  11:36  Gateway  
  121  11:38  Gateway  
  121  11:40  Gateway  
  121  11:42  Gateway  
  121  11:45  Gateway  
  121  11:48  Gateway x2  
  55  12:56  Phoenix x2  
  55  12:58  Colossus  
  59  12:59  Immortal  
  59  13:04  Zealot x2  
  59  13:05  Zealot x4  
  79  13:06  Zealot x3  
  79  13:07  Zealot  
  79  13:08  Protoss Ground Armor Level 2  
  89  13:27  Phoenix x2  
  91  13:33  Protoss Air Weapons Level 3  
  93  13:37  Colossus  
  93  13:40  Stalker x2  
  93  13:41  Stalker x2  
  105  13:42  Stalker x3  
  105  13:43  Stalker x2  
  105  13:45  Stalker, Nexus  
  119  13:52  Immortal, Phoenix x2  
  127  14:31  Pylon  
  127  14:32  Pylon  
  127  14:34  Zealot  
  127  14:35  Pylon, Zealot x2  
  127  14:36  Zealot x3  
  127  14:37  Zealot  
  141  14:38  Pylon  
  141  14:39  Zealot  
  141  14:41  Pylon, Zealot  
  141  14:44  Pylon  
  145  14:50  Pylon  
  145  14:59  Pylon  
  77  15:42  Protoss Shields Level 1  
  69  15:59  Carrier x2  
  69  16:00  Colossus  
  69  16:02  Immortal  
  91  16:05  Stalker x2  
  91  16:06  Stalker x3  
  91  16:07  Stalker x3  
  91  16:08  Stalker x2  
Show
View Real Time Build Order
Export as new Build Order

tigro Terran - Winner!

Build Orders:  

Get SALT Encoding   

  12  0:02  SCV  
  13  0:14  SCV  
  14  0:22  Supply Depot  
  14  0:26  SCV  
  15  0:33  Refinery  
  15  0:43  SCV  
  16  0:55  SCV  
  16  0:56  Barracks  
  17  1:07  Refinery  
  17  1:08  SCV  
  18  1:20  SCV  
  18  1:23  Supply Depot  
  19  1:32  SCV  
  20  1:44  SCV  
  20  1:45  Marine  
  22  2:03  Marine  
  23  2:08  Barracks  
  23  2:12  SCV  
  24  2:21  Marine  
  25  2:22  Engineering Bay  
  25  2:24  SCV  
  26  2:38  Marine  
  26  2:40  SCV  
  28  2:56  Marine  
  29  2:58  Barracks Tech Lab  
  29  3:00  Factory  
  29  3:01  Terran Infantry Weapons Level 1  
  29  3:13  Orbital Command  
  29  3:18  Barracks Tech Lab  
  29  3:19  Combat Shield  
  29  3:22  Marine  
  30  3:39  Stimpack, Marine  
  31  3:48  Factory Tech Lab  
  31  3:57  Marine  
  31  4:00  Armory  
  32  4:10  Marine  
  32  4:15  Marine  
  34  4:28  Marine  
  34  4:29  Starport  
  35  4:33  Marine  
  36  4:38  Concussive Shells  
  36  4:44  Siege Tank  
  39  4:53  Marine x2  
  39  4:55  Terran Infantry Armor Level 1  
  41  5:08  Medivac  
  41  5:10  Marine  
  41  5:12  Command Center  
  44  5:46  Starport Tech Lab  
  44  5:48  Siege Tank  
  47  6:05  Supply Depot  
  47  6:23  Marine x2  
  49  6:29  Fusion Core  
  49  6:41  Marine x2  
  51  6:49  Hi-Sec Auto Tracking  
  51  6:59  Marine x2  
  35  7:16  Marine x2  
  35  7:34  Marine x2  
  32  8:03  Marine  
  32  8:04  Refinery  
  32  8:05  Marine  
  33  8:09  Siege Tank  
  33  8:11  Medivac  
  39  8:16  Weapon Refit  
  39  8:20  Marine  
  39  8:23  Marine  
  41  8:28  Refinery  
  41  8:37  Planetary Fortress  
  41  8:38  Marine  
  41  8:41  Medivac, Marine  
  45  8:56  Marine  
  45  8:59  Marine  
  47  9:11  Battlecruiser  
  47  9:14  Marine  
  47  9:16  Marine  
  55  9:34  SCV  
  55  9:37  Thor  
  62  9:46  SCV  
  63  9:58  SCV  
  64  10:01  Marine  
  65  10:07  Marine  
  65  10:10  SCV  
  67  10:19  Battlecruiser, Marine  
  74  10:22  SCV  
  74  10:25  Marine  
  76  10:37  Marine  
  76  10:40  Terran Infantry Weapons Level 2  
  77  10:42  Marine  
  77  10:45  Terran Vehicle Weapons Level 1  
  78  11:05  Supply Depot  
  78  11:26  SCV, Marine x2  
  81  11:39  SCV  
  82  11:44  Marine x2  
  84  11:51  SCV  
  66  12:03  SCV  
  41  12:15  SCV  
  38  12:22  Marine  
  39  12:25  Marine  
  39  12:28  Medivac  
  42  12:39  Terran Vehicle And Ship Armor Level 1  
  42  12:40  Marine  
  42  12:43  Marine  
  44  12:56  Terran Infantry Armor Level 2  
  44  12:58  Battlecruiser, Marine  
  51  13:01  Marine  
  52  13:16  Marine  
  52  13:19  Marine  
  54  13:33  Marine  
  55  13:35  Thor  
  55  13:36  Marine  
  62  13:51  Marine  
  62  13:52  Command Center  
  62  13:54  Marine  
  64  14:02  Battlecruiser  
  70  14:09  Marine  
  71  14:12  Marine  
  72  14:25  Starport  
  72  14:27  Marine  
  72  14:30  Marine  
  74  14:33  Terran Ship Weapons Level 1  
  74  14:47  Marine  
  74  14:48  Marine  
  74  14:49  Thor  
  82  15:04  Marine  
  82  15:05  Marine  
  82  15:07  Battlecruiser  
  90  15:22  Marine  
  90  15:23  Marine  
  86  15:40  Marine  
  86  15:41  Marine  
  78  15:58  Marine  
  79  16:08  Refinery  
  79  16:09  Marine  
  79  16:10  Medivac  
  82  16:16  Marine  
  83  16:27  Marine  
  84  16:33  Marine  
  84  16:41  Battlecruiser  
  84  16:45  Marine  
  91  16:51  Marine  
  92  17:03  Marine  
  93  17:09  Marine  
  94  17:20  Marine  
Show
View Real Time Build Order
Export as new Build Order

plecojoe Terran 

Build Orders:  

Get SALT Encoding   

  12  0:01  SCV  
  13  0:20  SCV  
  14  0:21  Supply Depot  
  14  0:32  SCV  
  15  0:44  SCV  
  15  0:47  Refinery  
  16  0:50  Refinery  
  16  0:55  Barracks  
  16  1:00  SCV  
  17  1:12  SCV  
  18  1:24  SCV  
  19  1:43  Supply Depot, Orbital Command  
  19  1:46  Barracks Reactor  
  19  1:59  Factory  
  19  2:16  SCV  
  20  2:24  Marine x2  
  20  2:28  SCV  
  23  2:40  SCV  
  23  2:42  Marine x2  
  26  2:51  Factory Tech Lab  
  26  2:58  Command Center  
  26  3:00  SCV, Marine x2  
  29  3:12  SCV  
  30  3:18  Marine  
  30  3:19  Starport  
  31  3:30  Supply Depot  
  31  3:33  Supply Depot  
  31  3:52  Marine  
  32  4:06  Barracks  
  32  4:09  Supply Depot  
  32  4:11  Supply Depot  
  32  4:13  Marine x2  
  34  4:27  Orbital Command  
  34  4:31  Marine x2  
  36  4:47  Siege Tank  
  36  4:48  Marine  
  36  4:49  Marine  
  41  5:00  SCV  
  42  5:12  SCV  
  43  5:18  Medivac  
  43  5:19  Siege Tank  
  48  5:23  Barracks Tech Lab  
  48  5:24  SCV  
  49  5:28  Marine x2  
  51  5:36  SCV  
  51  5:39  Supply Depot  
  52  5:45  Refinery  
  52  5:46  Marine x2  
  52  5:48  Medivac  
  52  5:49  SCV  
  57  6:01  SCV  
  57  6:02  Supply Depot  
  58  6:04  Marine x2  
  60  6:12  Refinery  
  60  6:13  SCV  
  60  6:15  Siege Tank  
  64  6:22  Marine x2  
  64  6:25  SCV  
  67  6:28  Marine  
  67  6:32  Engineering Bay  
  68  6:37  SCV  
  69  6:40  Marine x2  
  69  6:46  Marine  
  56  6:47  Siege Tank  
  56  6:49  SCV  
  53  6:57  Marine x2  
  53  6:59  Engineering Bay  
  55  7:04  Marauder  
  54  7:24  Marine x2  
  54  7:25  Marine  
  54  7:42  Marine x2  
  54  7:43  Marine  
  57  7:55  Medivac  
  59  7:59  Siege Tank  
  59  8:00  Marine x2  
  59  8:01  Marine  
  65  8:19  Marauder  
  67  8:25  Medivac, Command Center, Marine x2  
  71  8:31  Siege Tank  
  74  8:40  SCV, Marauder  
  77  8:43  Marine x2  
  79  8:52  SCV  
  79  8:55  Medivac  
  82  9:00  Terran Infantry Weapons Level 1  
  82  9:01  Marine, Terran Infantry Armor Level 1  
  82  9:02  Starport  
  83  9:03  Cyclone  
  83  9:04  SCV, Stimpack  
  87  9:16  SCV  
  88  9:24  Marine x3  
  88  9:25  Liberator  
  94  9:33  Barracks  
  94  9:36  SCV, Cyclone  
  98  9:41  Supply Depot  
  98  9:42  Supply Depot, Marine x3  
  101  9:50  Orbital Command  
  101  9:59  Marine x2  
  101  10:00  Marine  
  101  10:05  Supply Depot x2  
  104  10:08  Siege Tank, Liberator  
  110  10:17  Marine x2  
  110  10:18  Marauder  
  114  10:22  Liberator  
  117  10:29  SCV  
  117  10:35  Marine x2  
  119  10:39  Marauder  
  119  10:41  SCV, Refinery, Siege Tank  
  126  10:50  Liberator  
  126  10:53  Marine  
  126  10:54  SCV  
  131  10:57  Marine  
  131  11:01  Marauder  
  134  11:05  Liberator  
  134  11:06  SCV  
  134  11:11  Marine  
  139  11:15  Marine  
  139  11:18  SCV  
  141  11:28  Barracks Reactor  
  141  11:40  Supply Depot  
  141  11:41  Supply Depot  
  141  12:01  Marine x2  
  141  12:02  Medivac x2, Marauder  
  141  12:04  Supply Depot  
  141  12:05  Supply Depot  
  80  12:32  Medivac  
  80  12:34  Marine x3  
  60  12:39  Siege Tank  
  60  12:43  Liberator  
  57  12:52  Marine x3  
  60  13:01  Liberator  
  63  13:09  Marine  
  63  13:10  Marine x2  
  63  13:11  Siege Tank  
  69  13:26  Liberator  
  72  13:27  Marine x2  
  72  13:28  Marine  
  72  13:32  Command Center  
  75  13:43  Siege Tank  
  75  13:44  Liberator  
  75  13:45  Marine  
  82  13:55  Missile Turret  
  82  14:09  Liberator  
  85  14:15  Missile Turret, Siege Tank  
  88  14:21  Marine x3  
  88  14:22  Armory, Marine x2  
  93  14:27  Medivac  
  95  14:35  Missile Turret  
  95  14:39  Marine x4  
  95  14:40  Supply Depot x2, Marine  
  100  14:48  Siege Tank  
  100  14:52  Medivac  
  105  14:53  Orbital Command  
  105  14:57  Medivac  
  105  14:58  Missile Turret, Marauder  
  48  15:20  Marine x4  
  48  15:21  Marine  
  52  15:27  Missile Turret  
  52  15:29  SCV  
  46  15:38  Marine x2  
  46  15:39  Marauder  
  46  15:41  SCV  
  38  16:00  Marauder  
  30  16:16  Marine  
  30  16:17  Marine x3  
  27  16:20  Siege Tank  
  27  16:21  Marine  
  18  17:15  Missile Turret  
  15  17:35  Missile Turret  
Show
View Real Time Build Order
Export as new Build Order

laserbutt Terran 

Build Orders:  

Get SALT Encoding   

  12  0:07  SCV  
  13  0:19  SCV  
  14  0:27  Supply Depot  
  14  0:35  SCV  
  15  0:48  SCV  
  16  0:55  Barracks  
  16  1:00  SCV  
  17  1:05  Refinery  
  17  1:12  SCV  
  18  1:20  Refinery  
  18  1:24  SCV  
  19  1:46  Command Center  
  19  1:56  Command Center  
  19  2:02  Orbital Command  
  19  2:13  Barracks Reactor  
  19  2:23  Engineering Bay  
  19  2:39  SCV  
  20  2:51  SCV  
  20  2:56  Supply Depot, Reaper  
  20  2:57  Reaper  
  23  3:07  SCV  
  24  3:19  SCV, Supply Depot  
  25  3:20  Terran Infantry Weapons Level 1  
  25  3:27  SCV  
  25  3:28  Reaper, Marine  
  25  3:32  SCV  
  29  3:40  SCV, Missile Turret  
  30  3:44  SCV  
  30  3:46  Marine  
  32  3:52  SCV  
  33  4:00  Refinery, Marine  
  34  4:04  SCV, Marine  
  36  4:13  Missile Turret  
  36  4:17  Factory  
  36  4:18  Marine  
  36  4:22  Reaper  
  36  4:23  Orbital Command  
  38  4:35  Missile Turret  
  38  4:36  Reaper  
  39  4:54  Reaper  
  40  5:08  Reaper  
  40  5:09  Supply Depot  
  40  5:11  Missile Turret  
  40  5:12  Factory Tech Lab  
  41  5:16  SCV  
  42  5:23  SCV  
  43  5:28  SCV  
  43  5:30  Refinery  
  43  5:33  Supply Depot  
  43  5:35  SCV, Terran Infantry Armor Level 1  
  45  5:38  Siege Tank  
  45  5:40  SCV  
  49  5:47  SCV  
  50  5:59  SCV  
  50  6:01  Reaper x2  
  53  6:10  Siege Tank  
  57  6:11  SCV  
  57  6:23  SCV  
  58  6:33  Reaper x2  
  58  6:42  Starport, Siege Tank  
  49  7:04  Marine  
  49  7:05  Marine  
  51  7:15  Siege Tank  
  54  7:22  Marine x2  
  56  7:40  Marine  
  56  7:41  Marine  
  58  7:50  Starport  
  58  7:51  Starport Tech Lab  
  58  7:58  Marine x2  
  58  7:59  Fusion Core  
  60  8:14  SCV  
  60  8:16  Marine x2  
  63  8:26  SCV  
  64  8:34  Marine x2  
  64  8:37  Starport Tech Lab  
  64  8:38  SCV  
  67  9:12  Command Center  
  67  9:17  Hellion  
  69  9:29  Supply Depot  
  69  9:50  Battlecruiser, Hellion  
  69  9:51  Supply Depot  
  77  10:13  Battlecruiser, Hellion  
  85  10:14  Supply Depot  
  85  10:30  Refinery  
  85  10:32  Refinery  
  85  10:35  Hellion, Marine x2  
  88  10:36  Supply Depot  
  89  10:51  Orbital Command  
  89  10:53  Marine x2  
  89  10:55  Battlecruiser  
  89  10:56  Hellion  
  99  10:58  Supply Depot  
  99  11:11  Marine x2  
  100  11:14  Hi-Sec Auto Tracking  
  100  11:17  Battlecruiser  
  100  11:18  Weapon Refit  
  107  11:28  Marine  
  107  11:29  Marine  
  109  11:46  Marine  
  111  11:47  Reaper  
  111  11:49  Supply Depot  
  111  11:59  Battlecruiser  
  116  12:12  Supply Depot  
  115  12:22  Battlecruiser  
  85  12:55  Marine  
  85  12:56  Marine  
  87  13:03  Battlecruiser  
  93  13:10  Starport  
  93  13:13  Marine x2  
  95  13:26  Viking  
  97  13:31  Supply Depot, Marine x2  
  99  13:36  Siege Tank  
  102  13:49  Marine x2  
  102  13:52  Starport Tech Lab  
  102  13:53  Supply Depot  
  104  13:56  Viking  
  104  14:01  Orbital Command  
  106  14:07  Viking  
  106  14:08  Siege Tank  
  111  14:12  Viking  
  113  14:26  Battlecruiser  
  113  14:27  Refinery  
  119  14:37  Battlecruiser  
  125  14:42  Viking  
  127  14:49  Refinery  
  83  15:41  Battlecruiser  
  61  16:11  Battlecruiser  
  61  16:18  Marine x2  
  57  16:36  Marine x2  
  53  16:54  Marine x2  
  49  17:12  Marine x2  
Show
View Real Time Build Order
Export as new Build Order

MrFister Terran 

Build Orders:  

Get SALT Encoding   

  12  0:03  SCV  
  13  0:15  SCV  
  14  0:27  Supply Depot  
  14  0:40  SCV  
  15  0:50  Supply Depot  
  15  0:52  SCV  
  16  0:57  Barracks  
  16  1:01  Refinery  
  16  1:04  SCV  
  17  1:14  Supply Depot  
  17  1:16  SCV  
  18  1:37  Engineering Bay  
  18  1:46  Barracks  
  18  1:47  Orbital Command  
  18  1:51  Barracks Tech Lab  
  18  2:34  Refinery  
  18  2:41  Barracks Reactor  
  18  2:48  Combat Shield  
  18  2:56  SCV  
  19  3:08  SCV  
  20  3:16  Terran Infantry Weapons Level 1  
  20  3:22  Marine x2  
  22  3:39  Marine  
  22  3:40  Marine  
  24  3:45  Factory  
  24  3:48  SCV  
  25  3:57  Marine x2  
  27  4:15  Marine x2  
  29  4:17  Command Center  
  29  4:29  SCV  
  30  4:35  Starport, Widow Mine  
  32  4:39  Marine  
  33  4:57  Widow Mine  
  35  5:04  Supply Depot  
  35  5:10  Terran Infantry Armor Level 1  
  35  5:11  Supply Depot  
  35  5:17  Marine x2  
  35  5:18  Widow Mine  
  39  5:24  Stimpack  
  39  5:29  Supply Depot  
  39  5:35  Marine  
  40  5:36  SCV, Supply Depot  
  40  5:39  Widow Mine  
  43  5:48  SCV  
  44  5:52  Starport Reactor  
  44  5:57  Marine x2  
  44  6:00  SCV  
  44  6:01  Marauder, Widow Mine  
  51  6:12  SCV  
  52  6:22  Widow Mine  
  52  6:23  Refinery  
  52  6:24  SCV  
  55  6:34  Liberator x2  
  55  6:36  SCV  
  62  6:43  Widow Mine  
  59  7:04  Concussive Shells  
  45  7:22  Marine x2  
  47  7:25  Marauder  
  46  7:40  Marine x2  
  48  7:44  Liberator x2  
  48  7:47  Marauder  
  48  7:48  Widow Mine  
  58  7:53  SCV  
  58  7:57  Marine  
  58  7:58  Marine  
  61  8:05  SCV  
  62  8:08  Marauder  
  62  8:10  Widow Mine  
  66  8:13  SCV  
  66  8:14  Armory  
  66  8:15  Marine x2  
  69  8:30  Marauder  
  69  8:31  Widow Mine  
  69  8:32  Starport  
  73  8:44  Marine x2  
  75  8:51  Marauder  
  75  8:52  Widow Mine  
  79  9:02  Marine x2  
  80  9:06  Liberator  
  84  9:12  Marauder  
  84  9:13  Terran Vehicle Weapons Level 1  
  86  9:22  Supply Depot  
  86  9:29  Supply Depot  
  86  9:37  Supply Depot  
  86  9:43  Marine x2  
  86  9:44  Marauder, Widow Mine  
  92  9:50  Liberator  
  95  9:53  Supply Depot  
  95  9:56  Supply Depot  
  95  10:01  Marine x2  
  95  10:05  Supply Depot, Marauder, Widow Mine  
  101  10:14  SCV  
  101  10:19  Marine x2  
  101  10:20  Terran Infantry Weapons Level 2  
  104  10:26  SCV, Marauder, Widow Mine  
  109  10:36  Marine  
  109  10:40  Liberator  
  113  10:48  Medivac, Hellbat, Marauder  
  119  10:56  Marine  
  120  10:57  Marine  
  121  11:07  Terran Vehicle And Ship Armor Level 1  
  121  11:09  Hellbat  
  123  11:14  Marine  
  124  11:31  Hellbat  
  126  11:46  Marine x2  
  128  11:52  Hellbat, Marauder  
  126  12:03  Marine  
  126  12:04  Marine  
  109  12:13  Hellbat  
  91  12:21  Marine x2  
  66  12:35  Hellbat  
  66  12:36  Terran Infantry Armor Level 2  
  68  12:39  Marine x2  
  66  12:58  Marine x2  
  66  13:01  Marauder  
  66  13:04  Liberator x2  
  76  13:07  Liberator  
  79  13:16  Marine x2  
  79  13:17  Refinery  
  81  13:22  Marauder  
  83  13:34  Marine x2  
  85  13:44  Marauder  
  85  13:45  Hellbat  
  89  13:50  Liberator  
  89  13:51  Marine  
  89  13:52  Marine  
  94  14:05  Marauder  
  94  14:09  Marine x2  
  98  14:27  Marauder, Marine x2  
  102  14:33  Liberator  
  105  14:40  Liberator x2  
  105  14:45  Marine x2  
  112  14:52  Terran Infantry Weapons Level 3  
  113  15:03  Marine x2  
  105  15:16  Medivac  
  47  15:46  Medivac  
  47  15:47  Marine x2  
  42  16:04  Marine x2  
  39  16:12  Marauder  
  39  16:16  Medivac  
  39  16:17  Medivac  
  47  16:20  Liberator  
  47  16:22  Marine x2  
  50  16:26  Hellbat  
  50  16:34  Marauder  
  42  16:40  Marine x2  
  42  16:46  Medivac  
  42  16:47  Medivac  
  36  16:55  Marauder  
  36  16:58  Marine x2  
  27  17:16  Medivac  
Tags
 
Add a new tag
Caveats
  • Supply blocks, unpowered buildings, or Contaminate may cause inaccurate times.
  • Supply counts are checked every 10 seconds.